 Dungeon Crawl Stone Soup version 0.26.1-11-gd32895ea62 (webtiles) character file.

Game seed: 4712907345466602604

2746 TalonThorn the Gouger (level 9, -2/39 HPs)
             Began as a Felid Berserker on July 2, 2021.
             Was a Priest of Trog.
             Slain by a two-headed ogre
             ... wielding a +0 giant spiked club
              (33 damage)
             ... on level 8 of the Dungeon on July 4, 2021.
             The game lasted 05:25:46 (7573 turns).

TalonThorn the Gouger (Felid Berserker)             Turns: 7573, Time: 05:25:47

Health: -2/39      AC:  2    Str: 16    XL:     9   Next: 41%
Magic:  2/10       EV: 32    Int:  8    God:    Trog [***...]
Gold:   349        SH:  5    Dex: 22    Spells: 8/8 levels left
                                        Lives:  0   Deaths: 2

rFire    . . .     SeeInvis +     - Unarmed
rCold    . . .     Faith    .   (shield unavailable)
rNeg     . . .     Spirit   .   (armour unavailable)
rPois    .         Reflect  +   (helmet unavailable)
rElec    .         Harm     .   (cloak unavailable)
rCorr    .         Rampage  .   (gloves unavailable)
Will     +....                  (boots unavailable)
Stlth    +++++.....             u - amulet of reflection
HPRegen  0.13/turn              a - +6 ring of dexterity
MPRegen  0.12/turn              o - +4 ring of evasion

@: berserk cooldown, slowed, slow
A: very small, no armour, no weapons or thrown items, stealth, antennae 1, claws
1, fangs 3, see invisible, speed 1, frail 1, shaggy fur 2, MP-powered wands,
sharp paws
a: Renounce Religion, Berserk, Trog's Hand


You were on level 8 of the Dungeon.
You worshipped Trog.
Trog was most pleased with you.
You visited 2 branches of the dungeon, and saw 9 of its levels.

You collected 349 gold pieces.

Inventory:

Jewellery
 a - a +6 ring of dexterity (left paw)
 h - an uncursed ring of protection from cold
 i - an uncursed ring of resist corrosion
 o - a +4 ring of evasion (right paw)
 q - an uncursed amulet of magic regeneration
 u - an amulet of reflection (around neck)
Wands
 f - a wand of random effects (1)
 g - a wand of acid (6)
 B - a wand of paralysis (1)
 C - a wand of digging (3)
Scrolls
 c - 5 scrolls of remove curse
 e - a scroll of amnesia
 s - 2 scrolls of enchant weapon
 v - 2 scrolls of identify
 w - 2 scrolls of vulnerability
 x - a scroll of noise
 y - a scroll of immolation
Potions
 b - a potion of might
 d - a potion of magic
 k - a potion of resistance
 p - 4 potions of flight
 r - a potion of attraction


   Skills:
 + Level 8.0 Fighting
 + Level 10.3 Dodging
 + Level 10.0 Stealth
 * Level 10.8 Unarmed Combat


You had 8 spell levels left.
You didn't know any spells.
Your spell library was empty.

Dungeon Overview and Level Annotations

Branches:
Dungeon (8/15)             Temple (1/1) D:5
   Lair: D:8-11

Altars:
Cheibriados
Dithmenos
Elyvilon
Makhleb
Nemelex Xobeh
Okawaru
Ru
Sif Muna
Trog
Uskayaw
Xom
The Shining One

Shops:
D:7 (


Innate Abilities, Weirdness & Mutations

You cannot wear armour.
You are incapable of wielding weapons or throwing items.
Your paws allow you to move quietly. (Stealth)
You have sharp claws.
You have razor-sharp teeth.
You have supernaturally acute eyesight. (SInv)
You cover ground quickly.
You are covered in thick fur. (AC +2)
Your sharp claws are effective at attacking unaware monsters.
You have a pair of small antennae on your head.
You are frail. (-10% HP)
You expend magic power (3 MP) to strengthen your wands.


Message History

The gnoll sergeant completely misses you.
The gnoll completely misses you.
You catch the helpless gnoll completely off-guard!
You eviscerate the gnoll!!!
You kill the gnoll!
Trog accepts your kill. The gnoll sergeant closely misses you.
You feel a strong urge to attack something.
The gnoll sergeant hits you from afar with a +1 trident of protection.
You feel your anger nearly subside.
You are no longer berserk.
You are exhausted.
You feel yourself slow down. The gnoll completely misses you.
The gnoll sergeant hits you with a +1 trident of protection.
You see here a +0 club.
The gnoll sergeant barely misses you.
You scratch the two-headed ogre.
The two-headed ogre is lightly wounded.
The two-headed ogre hits you with a +0 giant spiked club!!
Ouch! That really hurt!
You die...

#..'<...........#
#####
#.##............#
#...#
<..#............#
#.#.#
...#.#..#.......#
#.#.#
)#.#.#.##.......#
#.#.#####
.....#:)......g.#
#.#.....#
.#.....###.....g#
#.#####.#
.#####.#.......g###
#.#####.#
.......#.#.##..O@.#
#.#.....# .#######
#####.# #.#.#####
.# #.# #.#.# .#
#.###.#.# .+
#.....#.# .# ##
########.# ## #...
#..).###.# #####.#
###.##.....#
......#
#...########


You could see a two-headed ogre, a gnoll sergeant (corroded) and 2 gnolls.

Vanquished Creatures
  Eustachio (D:7)
  3 orc warriors
  2 sky beasts (D:5)
  3 ogres
  A centaur (D:5)
  5 bullfrogs
  Blork the orc (D:7)
  A big kobold (D:7)
  3 scorpions
  3 wights
  A howler monkey (D:8)
  6 orc priests
  5 hounds
  9 orc wizards
  Crazy Yiuf (D:2)
  2 iguanas
  Jessica (D:3)
  Terence (D:2)
  5 worker ants
  Natasha (twice) (D:2)
  A hound zombie (D:8)
  7 gnolls
  4 adders
  A shadow imp (D:8)
  A white imp (D:5)
  An ufetubus (D:7)
  An ooze (D:2)
  An adder skeleton (D:4)
  3 worms
  3 dart slugs
  11 leopard geckos
  21 orcs
  2 ball pythons
  7 bats
  8 giant cockroaches
  8 goblins
  8 hobgoblins
  4 jackals
  5 quokkas
  7 frilled lizards
  A giant cockroach zombie (D:6)
  8 kobolds
  4 rats
173 creatures vanquished.

Vanquished Creatures (others)
  5 plants (D:6)
5 creatures vanquished.

Grand Total: 178 creatures vanquished

Notes
Turn   | Place    | Note
-------+----------+-------------------------------------------
     0 | D:1      | TalonThorn the Felid Berserker began the quest for the Orb.
     0 | D:1      | Reached XP level 1. HP: 10/10 MP: 2/2
   457 | D:1      | Reached XP level 2. HP: 14/14 MP: 3/3
  1116 | D:1      | Reached XP level 3. HP: 17/17 MP: 4/4
  1469 | D:2      | Found an iron altar of Okawaru.
  1469 | D:2      | Noticed Terence
  1492 | D:2      | Killed Terence
  2036 | D:2      | Reached ** piety under Trog
  2110 | D:2      | Reached XP level 4. HP: 21/21 MP: 5/5
  2110 | D:2      | Found a snail-covered altar of Cheibriados.
  2115 | D:2      | Noticed Natasha
  2161 | D:2      | Found a hide-covered altar of Uskayaw.
  2239 | D:2      | Killed Natasha
  2479 | D:2      | Found a runed translucent door.
  2480 | D:2      | Noticed Crazy Yiuf
  2517 | D:2      | Killed Crazy Yiuf
  2518 | D:2      | Reached skill level 5 in Dodging
  2518 | D:2      | Reached skill level 1 in Stealth
  2532 | D:2      | Noticed Natasha
  2740 | D:2      | Found a shimmering blue altar of Sif Muna.
  2833 | D:2      | Killed Natasha
  2834 | D:2      | Reached XP level 5. HP: 25/25 MP: 6/6
  2928 | D:3      | Mangled by a gnoll
  2929 | D:3      | Reached XP level 4. HP: -6/22 MP: 5/5
  3051 | D:3      | Reached skill level 5 in Unarmed Combat
  3051 | D:3      | Reached XP level 5. HP: 15/25 MP: 6/6
  3269 | D:3      | Noticed Jessica
  3281 | D:3      | Killed Jessica
  3581 | D:3      | Gained mutation: You are covered in thick fur. (AC +2)
                  | [Felid growth]
  3581 | D:3      | Reached XP level 6. HP: 28/28 MP: 7/7
  4117 | D:4      | Gained mutation: You have a pair of small antennae on your
                  | head. [potion of mutation]
  4117 | D:4      | Gained mutation: You expend magic power (3 MP) to
                  | strengthen your wands. [potion of mutation]
  4118 | D:4      | Lost mutation: You expend magic power (3 MP) to strengthen
                  | your wands. [potion of mutation]
  4118 | D:4      | Gained mutation: You are frail. (-10% HP) [potion of
                  | mutation]
  4118 | D:4      | Gained mutation: You expend magic power (3 MP) to
                  | strengthen your wands. [potion of mutation]
  4323 | D:4      | You fall into a shaft and drop 1 floor!
  4323 | D:5      | Entered Level 5 of the Dungeon
  4330 | D:5      | Noticed a sky beast
  4333 | D:5      | Found a staircase to the Ecumenical Temple.
  4348 | Temple   | Entered the Ecumenical Temple
  4431 | D:5      | Reached XP level 7. HP: 29/29 MP: 8/8
  4996 | D:5      | Reached skill level 5 in Fighting
  5496 | D:6      | Reached skill level 5 in Stealth
  5542 | D:6      | Reached *** piety under Trog
  5599 | D:6      | Reached XP level 8. HP: 33/33 MP: 9/9
  5829 | D:7      | Found a burning altar of Makhleb.
  5830 | D:7      | Found the +7 sceptre of Torment {pain, torment}
  5954 | D:7      | Noticed Blork the orc
  5970 | D:7      | Found Mulim's Antique Weapon Emporium.
  6077 | D:7      | Killed Blork the orc
  6190 | D:7      | Noticed Eustachio
  6191 | D:7      | Found the +7 Singing Sword {vorpal, sonic wave}
  6220 | D:7      | Slain by an ufetubus
  6221 | D:7      | Reached XP level 7. HP: 0/30 MP: 5/8
  6232 | D:7      | Reached skill level 10 in Dodging
  6232 | D:7      | Reached skill level 10 in Unarmed Combat
  6232 | D:7      | Reached XP level 8. HP: 36/36 MP: 9/9
  6391 | D:7      | Reached XP level 9. HP: 38/38 MP: 1/10
  6645 | D:7      | Killed Eustachio
  7032 | D:8      | Found a sparkling altar of Nemelex Xobeh.
  7335 | D:8      | Found a glowing golden altar of the Shining One.
  7339 | D:8      | Found a shadowy altar of Dithmenos.
  7341 | D:8      | Found a sacrificial altar of Ru.
  7563 | D:8      | Noticed a two-headed ogre
  7565 | D:8      | Reached skill level 10 in Stealth
  7573 | D:8      | Slain by a two-headed ogre

Illustrated notes

Levels and vault maps discovered:
D:1:      dpeg_arrival_renting, layout_basic, chequers_serial_rivers_micro_b
D:2:      layout_loops_cross, kennysheep_slug_shrine,
          nicolae_overflow_crystal_walls, lemuel_doored_altar,
          okawaru_gym_becter, uniq_crazy_yiuf_cottage, uniq_natasha,
          uniq_terence
D:3:      layout_loops_ring, minmay_diced_spiral, uniq_jessica
D:4:      layout_basic
D:5:      layout_basic, minmay_temple_entry_mini_moons, serial_glass,
          glass_columns_b, glass_columns_a
D:6:      layout_rooms, minmay_lizard_king
D:7:      layout_gridville, bloody_makhleb, serial_shops, shop_statue,
          sword_in_stone
D:8:      layout_basic, zin_statuary, minitemple, nemelex_altar_shiori,
          uniq_prince_ribbit1
Temple:   hc_temple_tempest_star

Skill      XL: |  1  2  3  4  5  6  7  8  9 |
---------------+----------------------------+-----
Unarmed Combat | 4 5 6 10 8 | 10.8
Dodging        | 5 6 10 7 | 10.3
Stealth        | 2 4 9 6 10 | 10.0
Fighting       | 4 7 8 |  8.0

Action                   |  1- 3 |  4- 6 |  7- 9 || total
-------------------------+-------+-------+-------++-------
Melee: Unarmed           |    92 |   174 |   195 ||   461
       Bite              |     5 |    21 |    20 ||    46
       Punch             |     1 |     1 |     8 ||    10
Invok: Berserk           |     1 |     9 |    14 ||    24
       Trog's Hand       |       |     6 |     5 ||    11
Evoke: Wand              |       |       |    28 ||    28
  Use: Scroll            |       |     6 |    10 ||    16
       Potion            |       |     2 |    11 ||    13
 Stab: Sleeping          |     5 |     5 |     9 ||    19
       Distracted        |       |       |     1 ||     1
       Confused          |       |       |     1 ||     1
Armor: Skin              |     3 |     6 |     3 ||    12
Dodge: Dodged            |    69 |   155 |   165 ||   389
Block: Other             |       |     2 |    33 ||    35
